 Dungeon Crawl Stone Soup version 0.19-a0-1077-g1ea189a (webtiles) character file.

6407 AlphabetPasta the Stinger (level 10, 0/81 HPs)
             Began as a Troll Venom Mage on Aug 6, 2016.
             Was a Follower of Vehumet.
             Slain by an unseen horror (8 damage)
             ... on level 10 of the Dungeon.
             The game lasted 01:05:30 (9084 turns).

AlphabetPasta the Stinger (Troll Venom Mage)        Turns: 9084, Time: 01:05:30

Health: 0/81       AC:  9    Str: 18    XL:     10   Next: 66%
Magic:  9/15       EV: 12    Int: 14    God:    Vehumet [*.....]
Gold:   354        SH:  0    Dex: 10    Spells: 4 memorised, 8 levels left

rFire  + . .     SeeInvis .       - Unarmed
rCold  . . .     Gourm    +     a - +0 robe
rNeg   . . .     Faith    .     (no shield)
rPois  .         Spirit   .     (helmet restricted)
rElec  .         Dismiss  .     l - +0 cloak
rCorr  .         Reflect  .     (gloves unavailable)
SustAt .         Harm     .     (boots unavailable)
MR     +....                    x - amulet of magic regeneration
Stlth  +.........               s - ring of protection from fire
                                o - +3 ring of protection

@:
A: unfitting armour, claws 3, fast metabolism 3, gourmand, magic resistance 1,
regeneration 2, shaggy fur 1, tough skin 2
a: Renounce Religion


You were on level 10 of the Dungeon.
You worshipped Vehumet.
Vehumet was aware of your devotion.
You were very full.

You visited 2 branches of the dungeon, and saw 11 of its levels.

You collected 466 gold pieces.
You spent 112 gold pieces at shops.

Inventory:

Armour
 a - a +0 robe (worn)
 l - a +0 cloak (worn)
 y - a steam dragon hide
Jewellery
 j - an uncursed amulet of dismissal
 o - a +3 ring of protection (left claw)
 s - a ring of protection from fire (right claw)
 x - an amulet of magic regeneration (around neck)
Wands
 e - a wand of flame (6/48)
 g - a wand of lightning (4/15)
 k - a wand of flame (33/48)
 m - a wand of digging (12/24)
 r - a wand of iceblast (4/15)
 u - a wand of digging (6/24)
 w - a wand of digging (12/24)
 z - a wand of lightning (4/15)
 D - a wand of digging (6/24)
Scrolls
 n - 2 scrolls of blinking
 q - 4 scrolls of remove curse
 t - a scroll of enchant weapon
 C - 2 scrolls of identify
 E - a scroll of fear
 F - a scroll of fog
 G - a scroll of recharging
Potions
 p - 2 potions of cure mutation
 v - 2 potions of berserk rage
 A - a potion of flight
 B - a potion of agility
Books
 b - a Young Poisoner's Handbook

   Spells                             Type                      Level
   a - Sting                          Conjuration/Poison           1
   b - Mephitic Cloud                 Conjuration/Poison/Air       3
   c - Olgreb's Toxic Radiance        Poison                       4
   d - Alistair's Intoxication        Transmutation/Poison         5
   e - Venom Bolt                     Conjuration/Poison           5
 i - a book of Burglary

   Spells                             Type                      Level
   a - Swiftness                      Charms/Air                   2
   b - Passwall                       Transmutation/Earth          2
   c - Passage of Golubria            Translocation                4
   d - Lee's Rapid Deconstruction     Earth                        5
   e - Darkness                       Hexes                        6
   f - Invisibility                   Hexes                        6
Comestibles
 c - 12 bread rations
 d - 9 slices of pizza
 f - 7 meat rations
 h - 4 fruits


   Skills:
 + Level 5.9 Dodging
 - Level 1.1 Stealth
 + Level 6.6 Unarmed Combat
 + Level 4.2 Spellcasting
 + Level 5.1 Conjurations
 * Level 7.7 Poison Magic


You had 8 spell levels left.
You knew the following spells:

 Your Spells              Type           Power        Failure   Level  Hunger
a - Sting                 Conj/Pois      ###.         1%          1    None
b - Mephitic Cloud        Conj/Pois/Air  ##......     12%         3    ###....
c - Olgreb's Toxic Radia  Pois           ###.....     10%         4    ####...
d - Magic Dart            Conj           ###.         2%          1    None


Dungeon Overview and Level Annotations

Branches:
Dungeon (10/15)            Temple (1/1) D:4
   Lair: D:8-11         Orc: D:9-12

Altars:
Ashenzari
Cheibriados
Dithmenos
Elyvilon
Fedhas
Gozag
Hepliaklqana
Kikubaaqudgha
Makhleb
Nemelex Xobeh
Okawaru
Pakellas
Qazlal
Ru
Sif Muna
Trog
Uskayaw
Vehumet
Xom
Yredelemnul
Zin
The Shining One
Beogh

Shops:
D:9 *


Innate Abilities, Weirdness & Mutations

You are too large for most types of armour.
You have claws for hands.
Your metabolism is lightning-fast.
You like to eat raw meat.
You heal very quickly.
You are covered in fur. (AC +1)
You have very tough skin. (AC +2)
You are resistant to hostile enchantments. (MR+)


Message History

Beogh smites you!
* * * LOW HITPOINT WARNING * * *
The warg bites you!
* * * LOW HITPOINT WARNING * * *
An orc warrior comes into view. It is wielding a halberd.
You closely miss the warg.
The warg is almost dead.
The warg bites you but does no damage. The warg closely misses you.
You claw the warg!
You kill the warg!
Vehumet accepts your kill. Something hits you.
* * * LOW HITPOINT WARNING * * *
Deactivating autopickup; reactivate with Ctrl-A.
Unknown command.
Something hits you.
* * * LOW HITPOINT WARNING * * *
Something hits you but does no damage. Something hits you!
You die...

.....h. .h.... #..P%.
## ..... #. ....
##.##### ..$
#......### ###+###o#
#..<.....# #.......#
#..<@..#.# #.....)o#
#......#.####.(.....+
#......#...##.).....#
#......###..#)......#
#......# ##.'o......#
#####.## ###.......#
#.# ######### ..# .##


There were no monsters in sight!

Vanquished Creatures
  Pikel (D:5)
  Psyche (D:9)
  A troll (D:9)
  Sigmund (D:3)
  A human (D:9)
  2 steam dragons
  3 yaks (D:9)
  A hippogriff (D:7)
  Menkaure (D:4)
  2 wargs (D:10)
  Duvessa (D:5)
  3 ice beasts
  3 orc warriors
  2 slaves (D:6)
  A black bear (D:7)
  3 sky beasts
  2 ogres
  2 phantoms
  3 centaurs
  3 giant frogs (D:8)
  Blork the orc (D:5)
  Dowan (D:5)
  3 scorpions
  4 jellies
  2 howler monkeys
  4 crimson imps
  A centaur zombie (D:9)
  5 hounds
  9 orc priests
  5 giant frog skeletons
  Jessica (D:3)
  Terence (D:3)
  14 orc wizards
  5 worker ants
  A killer bee zombie (D:8)
  2 hound zombies
  A howler monkey zombie (D:5)
  Robin (D:3)
  8 gnolls
  12 adders
  3 shadow imps
  An adder zombie (D:9)
  2 adder skeletons
  5 worms
  3 dart slugs
  8 giant geckos
  47 orcs
  4 bats
  10 giant cockroaches
  11 goblins
  9 hobgoblins
  3 jackals (D:5)
  6 quokkas
  A ball python (D:8)
  7 giant newts
  2 gnoll zombies (D:9)
  A jackal skeleton (D:5)
  5 kobolds
  5 rats
251 creatures vanquished.

Vanquished Creatures (others)
  An orc wizard (D:6)
  A plant (D:10)
2 creatures vanquished.

Grand Total: 253 creatures vanquished

Notes
Turn   | Place    | Note
-------+----------+-------------------------------------------
     0 | D:1      | AlphabetPasta the Troll Venom Mage began the quest for the Orb.
     0 | D:1      | Reached XP level 1. HP: 16/16 MP: 1/1
   707 | D:1      | Reached XP level 2. HP: 24/24 MP: 0/3
   931 | D:2      | Reached skill level 1 in Unarmed Combat
   957 | D:2      | Reached skill level 3 in Poison Magic
  1118 | D:2      | Reached XP level 3. HP: 31/31 MP: 1/4
  1155 | D:2      | Learned a level 3 spell: Mephitic Cloud
  1331 | D:2      | Reached XP level 4. HP: 25/39 MP: 0/5
  1705 | D:3      | Noticed Terence
  1713 | D:3      | Reached skill level 1 in Conjurations
  1746 | D:3      | Killed Terence
  1746 | D:3      | Reached XP level 5. HP: 36/45 MP: 2/6
  1763 | D:3      | Noticed Robin
  1787 | D:3      | Killed Robin
  1819 | D:3      | Noticed Jessica
  1823 | D:3      | Killed Jessica
  1838 | D:3      | Found a shattered altar of Ashenzari.
  1867 | D:3      | Reached XP level 6. HP: 23/53 MP: 1/8
  2270 | D:3      | Noticed Sigmund
  2297 | D:3      | Killed Sigmund
  2493 | D:4      | Reached skill level 4 in Poison Magic
  2553 | D:4      | Reached XP level 7. HP: 54/59 MP: 5/9
  2622 | D:4      | Found a sparkling altar of Nemelex Xobeh.
  2637 | D:4      | Noticed Menkaure
  2645 | D:4      | Killed Menkaure
  2840 | D:4      | Learned a level 4 spell: Olgreb's Toxic Radiance
  2851 | D:4      | Found a staircase to the Ecumenical Temple.
  2857 | Temple   | Entered the Ecumenical Temple
  3331 | D:5      | Entered Level 5 of the Dungeon
  3331 | D:5      | Noticed Blork the orc
  3344 | D:5      | Killed Blork the orc
  3406 | D:5      | Reached XP level 8. HP: 58/67 MP: 8/10
  3444 | D:5      | Reached skill level 5 in Poison Magic
  3719 | D:5      | Learned a level 4 spell: Olgreb's Toxic Radiance
  3788 | D:5      | Found a hide-covered altar of Uskayaw.
  3893 | D:5      | Noticed Duvessa
  3895 | D:5      | Noticed Dowan
  3911 | D:5      | Killed Duvessa
  3920 | D:5      | Killed Dowan
  3995 | D:5      | Found a shimmering altar of Xom.
  4013 | D:5      | Found a runed door.
  4152 | D:5      | Noticed Pikel
  4333 | D:5      | HP: 3/67 [Pikel/whip of flaming (5)]
  4333 | D:5      | HP: 1/67 [Pikel/whip of flaming (2)]
  4428 | D:6      | Found a shattered altar of Ashenzari.
  4428 | D:6      | Found a white marble altar of Elyvilon.
  4492 | D:6      | Found a deep blue altar of Sif Muna.
  4529 | D:6      | Found an oddly glowing altar of Pakellas.
  4903 | D:6      | Reached XP level 9. HP: 70/74 MP: 12/12
  4998 | D:6      | Found a glowing drain.
  5447 | D:6      | Identified Sif Muna's Grimoire of Attacks
  5744 | D:5      | Reached skill level 6 in Poison Magic
  5772 | D:5      | Reached skill level 5 in Unarmed Combat
  5785 | D:5      | Learned a level 1 spell: Magic Dart
  5905 | D:5      | Killed Pikel
  6225 | D:5      | Found a roughly hewn altar of Beogh.
  6365 | D:7      | Reached skill level 5 in Dodging
  6962 | D:7      | Gained mutation: You are resistant to hostile enchantments. (MR+) [potion of beneficial mutation]
  7065 | D:8      | Found a radiant altar of Vehumet.
  7080 | D:8      | Became a worshipper of Vehumet
  7199 | D:8      | Identified a scroll of acquirement
  7239 | D:8      | Reached XP level 10. HP: 74/81 MP: 14/14
  7444 | D:8      | Reached skill level 7 in Poison Magic
  7989 | D:9      | Found Doto's Assorted Antiques.
  7997 | D:9      | Bought a scroll of identify for 56 gold pieces
  7997 | D:9      | Bought a scroll labeled OSIMAG LAINT for 28 gold pieces
  7997 | D:9      | Bought a scroll labeled NOKKYM GYTHEBB for 28 gold pieces
  8229 | D:9      | Found a basalt altar of Yredelemnul.
  8307 | D:9      | Reached * piety under Vehumet
  8307 | D:9      | Offered knowledge of Freeze by Vehumet.
  8399 | D:9      | Noticed Psyche
  8416 | D:9      | Killed Psyche
  8635 | D:9      | Reached skill level 5 in Conjurations
  8950 | D:10     | Entered Level 10 of the Dungeon
  9084 | D:10     | Slain by an unseen horror

Vault maps used:
D:1:      dpeg_arrival_stone_temple_mockup
D:2:      minmay_tromino_v4_c
D:3:      ashenzari_altar_1, uniq_terence, uniq_jessica, uniq_robin,
          uniq_sigmund
D:4:      nemelex_xobeh_ov_fountains_minmay, first_bread, uniq_menkaure
D:5:      minmay_opposing_rooms, eat_drink_and_be_merry_uskayaw,
          xom_teletrap_fun, lightli_church_of_beogh, uniq_duvessa, uniq_pikel,
          uniq_blork_the_orc
D:6:      led_sif_book, lemuel_crystal_altar,
          gammafunk_temple_overflow_elements, portal_sewer_entry_f
D:7:      kennysheep_generic_room_13
D:8:      vehumet_crystals, st_stairs_9
D:9:      lemuel_zombie_altar_yredelemnul, serial_shops, nicolae_shop_crystal,
          minmay_misc_feat_roman, grunt_pizzeria, uniq_psyche
D:10:     erik_lair_orcish_takeover, david_orc_4
Temple:   dshaligram_water_room_temple

Skill      XL: |  1  2  3  4  5  6  7  8  9 10 |
---------------+-------------------------------+-----
Unarmed Combat | 1 2 3 4 5 6 |  6.6
Poison Magic   | 3 4 5 6 7 |  7.7
Dodging        | 2 3 4 5 |  5.9
Conjurations   | 1 2 3 4 5 |  5.1
Spellcasting   | 2 3 4 |  4.2
Stealth        | |  1.1

Action                   |  1- 3 |  4- 6 |  7- 9 | 10-12 || total
-------------------------+-------+-------+-------+-------++-------
Melee: Unarmed           |    65 |   129 |   533 |   158 ||   885
       Punch             |       |     4 |    10 |     4 ||    18
 Cast: Sting             |    29 |    54 |   136 |    53 ||   272
       Mephitic Cloud    |       |       |     7 |     5 ||    12
       Magic Dart        |       |       |    18 |    15 ||    33
       Olgreb's Toxic Ra |       |       |     1 |     5 ||     6
Evoke: Wand              |       |       |     1 |       ||     1
  Use: Scroll            |       |     5 |    16 |     2 ||    23
       Potion            |       |       |    10 |     2 ||    12
 Stab: Sleeping          |       |       |     1 |       ||     1
       Confused          |       |       |       |     2 ||     2
  Eat: Chunk             |    19 |    13 |    46 |    18 ||    96
       Fruit             |       |       |       |     1 ||     1
Armor: Robe              |    21 |    32 |   173 |    47 ||   273
Dodge: Dodged            |    29 |    52 |   232 |    66 ||   379
